 Dungeon Crawl Stone Soup version 0.20-a0-261-gcb1eca7 (webtiles) character file.

30687 4thArraOfDagon the Frost Mage (level 13, -6/51 HPs)
             Began as a Felid Ice Elementalist on Dec 3, 2016.
             Was a High Priest of Vehumet.
             Shot with an arrow by a deep elf archer (21 damage)
             ... on level 1 of the Elven Halls.
             The game lasted 01:58:51 (16408 turns).

4thArraOfDagon the Frost Mage (FeIE)               Turns: 16408, Time: 01:58:52

Health: -6/51      AC:  3    Str:  8    XL:     13   Next: 21%
Magic:  24/36      EV: 21    Int: 27    God:    Vehumet [*****.]
Gold:   145        SH:  0    Dex: 19    Spells: 4/30 levels left
                                        Lives:  0   Deaths: 4

rFire  x . .     SeeInvis +       - Unarmed
rCold  + + .     Gourm    .     (armour unavailable)
rNeg   + . .     Faith    .     (shield unavailable)
rPois  +         Spirit   .     (helmet unavailable)
rElec  .         Reflect  .     (cloak unavailable)
rCorr  .         Harm     +     (gloves unavailable)
MR     +....     Clarity  +     (boots unavailable)
Stlth  ++++......               t - amulet "Xyzujeuf" {Harm *Drain rN+ Int+2 Dex+2}
                                d - ring of ice
                                D - ring "Soent" {MP+9 Str+6 Int+4}

@: quick
A: no armour, no weapons or thrown items, stealth, claws 1, fangs 3, horns 1,
see invisible, blink, carnivore 3, clarity, speed 1, poison resistance, shaggy
fur 3, slow metabolism 1, weak 1, sharp paws
a: Blink, Renounce Religion


You were on level 1 of the Elven Halls.
You worshipped Vehumet.
Vehumet was extremely pleased with you.
You were not hungry.

You visited 5 branches of the dungeon, and saw 25 of its levels.
You also visited: Labyrinth.

You collected 1744 gold pieces.
You spent 1599 gold pieces at shops.

Inventory:

Jewellery
 d - a ring of ice (right paw)
 e - an uncursed amulet of regeneration
 j - an uncursed ring of resist corrosion
 t - the amulet "Xyzujeuf" (around neck) {Harm *Drain rN+ Int+2 Dex+2}
   (You found it on level 6 of the Lair of Beasts)

   [amulet of harm]

   It increases damage dealt and taken.
   It affects your intelligence (+2).
   It affects your dexterity (+2).
   It protects you from negative energy.
   It causes draining when unequipped.
 u - the ring "Jueptys" {rF+ Str+5 Dex+7 Slay-4 SInv}
   (You took it off an orc priest on level 10 of the Dungeon)

   [ring of strength]

   It affects your strength (+5).
   It affects your dexterity (+7).
   It affects your accuracy and damage with ranged weapons and melee attacks
   (-4).
   It protects you from fire.
   It lets you see invisible.
 D - the ring "Soent" (left paw) {MP+9 Str+6 Int+4}
   (You bought it in a shop on level 6 of the Dungeon)

   [ring of magical power]

   It affects your strength (+6).
   It affects your intelligence (+4).
   It affects your magic capacity (+9).
 J - the ring "Xaidenn" {Wiz Dex+4}
   (You acquired it on level 12 of the Dungeon)

   [ring of wizardry]

   It improves your spell success rate.
   It affects your dexterity (+4).
 O - an uncursed ring of protection from magic
 Q - a +3 ring of intelligence
Wands
 a - a wand of acid (12/15)
 f - a wand of disintegration (1/24)
 l - a wand of paralysis (0/24)
 A - a wand of iceblast (5/15)
 B - a wand of teleportation (3/9)
 G - a wand of slowing (6/48)
 K - a wand of slowing (21/48)
 P - a wand of iceblast (8/15)
 R - a wand of acid (2/15)
 X - a wand of iceblast (6/15)
 Z - a wand of disintegration (0/24)
Scrolls
 c - 4 scrolls of amnesia
 g - 3 scrolls of magic mapping
 i - a scroll of recharging
 k - 8 scrolls of remove curse
 p - 2 scrolls of fog
 C - 2 scrolls of fear
 E - a scroll of holy word
 I - a scroll of immolation
Potions
 h - 2 potions of curing
 n - 2 potions of lignification
 o - a potion of haste
 q - 2 potions of heal wounds
 r - 4 potions of resistance
 s - a potion of cure mutation {unknown}
 v - a potion of magic {unknown}
 w - 3 potions of cancellation
 y - 3 potions of agility
 z - 2 potions of brilliance
 F - a potion of invisibility {unknown}
 H - 3 potions of flight
 N - a potion of mutation
 S - a potion of ambrosia {unknown}
 Y - 3 potions of might
Books
 x - a book of Changes

   Spells                             Type                      Level
   a - Beastly Appendage              Transmutation                1
   b - Sticks to Snakes               Transmutation                2
   c - Spider Form                    Transmutation/Poison         3
   d - Ice Form                       Ice/Transmutation            4
   e - Blade Hands                    Transmutation                5
 T - a book of the Earth

   Spells                             Type                      Level
   a - Leda's Liquefaction            Hexes/Earth                  4
   b - Bolt of Magma                  Conjuration/Fire/Earth       5
   c - Statue Form                    Transmutation/Earth          6
   d - Iron Shot                      Conjuration/Earth            6
   e - Shatter                        Earth                        9
 U - the Almanac of Doomed Conjuration
   (You found it in a labyrinth)

   Spells                             Type                      Level
   a - Sublimation of Blood           Necromancy                   2
   b - Sticky Flame                   Conjuration/Fire             4
   c - Force Lance                    Conjuration/Translocation    4
   d - Poisonous Cloud                Conjuration/Poison/Air       5
   e - Venom Bolt                     Conjuration/Poison           5
 V - a Necronomicon

   Spells                             Type                      Level
   a - Haunt                          Necromancy/Summoning         7
   b - Borgnjor's Revivification      Necromancy                   8
   c - Death's Door                   Charms/Necromancy            8
   d - Infestation                    Necromancy                   8
   e - Necromutation                  Transmutation/Necromancy     8
Miscellaneous
 m - a phial of floods (inert)
 M - a lamp of fire
Comestibles
 b - 7 meat rations
 L - 10 royal jellies
 W - 9 beef jerkies


   Skills:
 - Level 3.0 Fighting
 - Level 5.2 Dodging
 - Level 6.0 Stealth
 - Level 7.0 Unarmed Combat
 - Level 9.3 Spellcasting
 - Level 13.0 Conjurations
 - Level 5.7 Necromancy
 * Level 6.5 Transmutations
 - Level 13.3 Ice Magic
 * Level 3.2 Earth Magic


You had 4 spell levels left.
You knew the following spells:

 Your Spells              Type           Power        Failure   Level  Hunger
a - Freeze                Ice            ####         1%          1    None
b - Throw Frost           Conj/Ice       ######       1%          2    None
c - Throw Icicle          Conj/Ice       #######.     1%          4    None
d - Apportation           Tloc           ##........   6%          1    None
e - Animate Skeleton      Necr           N/A          1%          1    None
f - Ice Form              Ice/Tmut       #######.     1%          4    None
g - Sublimation of Blood  Necr           #####.....   1%          2    None
h - Venom Bolt            Conj/Pois      #####.....   3%          5    ####...
i - Statue Form           Tmut/Erth      #####....    89%         6    #####..


Dungeon Overview and Level Annotations

Branches:
Dungeon (15/15)            Temple (1/1) D:6            Lair (6/6) D:10
 Shoals (0/4) Lair:2       Spider (0/4) Lair:4        Slime (0/5) Lair:6
    Orc (2/2) D:11            Elf (1/3) Orc:2        Vaults (0/5) D:14
 Depths: D:15

Altars:
Ashenzari
Elyvilon
Fedhas
Gozag
Hepliaklqana
Kikubaaqudgha
Makhleb
Okawaru
Qazlal
Ru
Sif Muna
Trog
Vehumet
Xom
Yredelemnul
Zin
The Shining One
Jiyva

Shops:
D:6 =   D:13 [   Orc:2 (:=!

Annotations:
D:3 nht's ghost, amateur MiCK
D:4 Grinder; Menkaure; Wiebster667's ghost, amateur MiBe
D:6 Kenran's ghost, novice OpTm
D:15 Azrael
Orc:1 Urug
Orc:2 Saint Roka
Elf:1 exclusions: dancing weapon and deep elf archer


Innate Abilities, Weirdness & Mutations

You cannot wear armour.
You are incapable of wielding weapons or throwing items.
Your paws allow you to move quietly. (Stealth)
You have sharp claws.
You have razor-sharp teeth.
You have supernaturally acute eyesight. (SInv)
You are carnivorous and can eat meat at any time.
You cover ground quickly.
Your thick and shaggy fur keeps you warm. (AC +3, rC+)
You have a slow metabolism.
Your sharp claws are effective at attacking unaware monsters.
You have a pair of small horns on your head.
You can translocate small distances at will.
You possess an exceptional clarity of mind.
Your system is resistant to poisons. (rPois)
You are weak. (Str -2)


Message History

The shard of ice hits the deep elf mage.
The deep elf mage is heavily wounded.
The deep elf mage shouts!
Your surroundings suddenly seem different.
A deep elf archer comes into view. It is wielding a short sword.
The deep elf archer shouts!
You hear a shout!
The deep elf archer unwields an uncursed short sword.
The deep elf archer wields an uncursed shortbow.
The deep elf archer shoots an arrow.
The arrow hits you!!
A deep elf knight comes into view. It is wielding a short sword.
The deep elf knight mumbles some strange words.
The deep elf knight seems to speed up.
Found an arrow.
Unknown command.
The deep elf knight unwields an uncursed short sword.
The deep elf knight wields a shortbow.
The deep elf knight shoots an arrow.
The arrow hits you!
* * * LOW HITPOINT WARNING * * *
The deep elf archer shoots an arrow.
The arrow hits you!!
You die...

#.#### #. .#..#...##e
#.......e.e.
##........##.
............e.
.........##.#.#
........##.# #.##
........#.# #(##
.........## ##@#
........#.# #.##
........... #.#
...(...###. #.#
.......# #.#.#
#..##.## ..# ### ###
##.##.#####.###......
##
#(.##.##......#.##..
#..
...##.##.##.#.#.#..
..#


You could see a deep elf archer, a deep elf knight and a deep elf mage
(wandering).

Vanquished Creatures
  A deep elf death mage (Elf:1)
  An ettin (Orc:2)
  4 catoblepae (Lair:6)
  2 hydras
  2 centaur warriors (Orc:2)
  16 death yaks
  An orc high priest (Elf:1)
  A dancing weapon (Elf:1)
  A deep troll earth mage (D:10)
  2 unseen horrors
  2 obsidian statues
  6 hill giants
  3 orc knights
  7 deep elf magi
  An ugly thing (D:12)
  3 orc sorcerers
  2 manticores (Lair:6)
  3 black mambas
  8 elephants
  3 gargoyles
  2 rime drakes (Lair:2)
  10 spiny frogs
  9 komodo dragons
  An efreet (D:10)
  A tengu conjurer (D:13)
  3 trolls
  A hornet (D:14)
  2 polar bears (Lair:5)
  A two-headed ogre (D:12)
  A slime creature (shapeshifter) (D:10)
  4 blink frogs
  4 hippogriffs
  4 shadows (Lab)
  25 yaks
  A redback (Lab)
  3 wyverns
  4 basilisks
  A steam dragon (D:10)
  3 vampire mosquitoes
  A warg (Orc:2)
  A hungry ghost (D:10)
  29 orc warriors
  9 water moccasins
  6 porcupines
  An ice beast (D:11)
  A phantom (D:7)
  3 sky beasts
  10 ogres
  8 wolves
  8 crocodiles
  6 centaurs
  12 bullfrogs
  2 big kobolds
  A wyvern zombie (D:12)
  4 scorpions
  2 wyvern skeletons
  5 killer bees
  3 wights (D:10)
  A howler monkey (D:11)
  5 crimson imps
  A bullfrog zombie (D:8)
  2 centaur zombies
  8 orc priests
  5 hounds
  5 jellies
  16 orc wizards
  2 bullfrog skeletons
  5 iguanas
  Ijyb (D:3)
  8 worker ants
  A hound skeleton (D:6)
  A worker ant zombie (D:10)
  6 adders
  2 shadow imps (D:10)
  A white imp (D:13)
  6 oozes
  2 ufetubi (D:13)
  An adder zombie (D:5)
  A dart slug (D:1)
  A leopard gecko (D:1)
  41 orcs
  5 bats
  A giant cockroach (D:6)
  2 goblins
  4 hobgoblins (D:1)
  8 jackals
  12 kobolds
  A quokka (D:2)
  2 frilled lizards
  3 rats
421 creatures vanquished.

Vanquished Creatures (collateral kills)
  3 yaks (Lair:6)
3 creatures vanquished.

Vanquished Creatures (others)
  A bush (D:13)
  2 fungi
  5 plants
8 creatures vanquished.

Grand Total: 432 creatures vanquished

Notes
Turn   | Place    | Note
-------+----------+-------------------------------------------
     0 | D:1      | 4thArraOfDagon the Felid Ice Elementalist began the quest for the Orb.
     0 | D:1      | Reached XP level 1. HP: 7/7 MP: 4/4
    98 | D:1      | Reached skill level 1 in Unarmed Combat
   239 | D:1      | Reached XP level 2. HP: 7/11 MP: 1/6
   354 | D:1      | Learned a level 2 spell: Throw Frost
   366 | D:1      | Reached skill level 1 in Conjurations
   561 | D:2      | Reached XP level 3. HP: 11/14 MP: 0/7
   608 | D:2      | Found a sacrificial altar of Ru.
  1029 | D:3      | Noticed Ijyb
  1053 | D:3      | Killed Ijyb
  1053 | D:3      | Reached XP level 4. HP: 18/18 MP: 5/8
  1139 | D:3      | Noticed nht's ghost (amateur MiCK)
  1226 | D:4      | Learned a level 4 spell: Throw Icicle
  1227 | D:4      | Noticed Wiebster667's ghost (amateur MiBe)
  1401 | D:4      | Noticed Menkaure
  1458 | D:4      | Reached XP level 5. HP: 20/21 MP: 2/9
  1575 | D:4      | Noticed an air elemental
  1579 | D:4      | Found a stormy altar of Qazlal.
  1579 | D:4      | Noticed Grinder
  1726 | D:4      | Gained mutation: You are covered in thick fur. (AC +2) [Felid growth]
  1726 | D:4      | Reached XP level 6. HP: 21/24 MP: 1/11
  1763 | D:4      | Found a blossoming altar of Fedhas.
  1803 | D:5      | Entered Level 5 of the Dungeon
  1846 | D:5      | Learned a level 1 spell: Apportation
  1848 | D:5      | Learned a level 1 spell: Animate Skeleton
  2118 | D:5      | Found a shattered altar of Ashenzari.
  2269 | D:6      | Found a staircase to the Ecumenical Temple.
  2278 | Temple   | Entered the Ecumenical Temple
  2324 | Temple   | Became a worshipper of Vehumet
  2358 | D:6      | Noticed Kenran's ghost (novice OpTm)
  2436 | D:6      | Found Hacaas's Jewellery Shop.
  2491 | D:6      | Reached skill level 5 in Ice Magic
  2491 | D:6      | Reached XP level 7. HP: 22/27 MP: 2/12
  2575 | D:6      | murphy: hi there
  2581 | D:6      | 4thArraOfDagon: o hi
  2581 | D:6      | murphy: cool pic :)
  2657 | D:6      | Reached skill level 5 in Conjurations
  2855 | D:7      | Learned a level 4 spell: Ice Form
  2858 | D:7      | murphy: amazings things happened these last months in crawl: the 0.19 release tourney purplereds highscore win with DeCj of Vehumet...
  2913 | D:7      | murphy: what do u think about purplereds run?
  2913 | D:7      | 4thArraOfDagon: yeah, i saw this one, thats one badass game
  2913 | D:7      | murphy: i guess it's slow at start?
  2913 | D:7      | murphy: but saves a lot of turns later?
  2913 | D:7      | 4thArraOfDagon: well, I don't know if you have watched it?
  2913 | D:7      | murphy: nope
  2913 | D:7      | murphy: i didn't :(
  2913 | D:7      | 4thArraOfDagon: I recommend watching zot and hells
  2913 | D:7      | murphy: i can watch it somewhere?
  2913 | D:7      | 4thArraOfDagon: full zot was like 100-200 turns I think, stairs after stairs
  2913 | D:7      | 4thArraOfDagon: I dont know, im not good at chat commands
  2913 | D:7      | 4thArraOfDagon: but certanly you could watch it in dcss chat
  2961 | D:7      | Found a white marble altar of Elyvilon.
  2962 | D:7      | Found a glowing silver altar of Zin.
  2963 | D:7      | Found a glowing golden altar of the Shining One.
  2984 | D:7      | Reached skill level 1 in Transmutations
  2984 | D:7      | Reached XP level 8. HP: 31/31 MP: 8/14
  3016 | D:7      | murphy: sec
  3146 | D:7      | murphy: !speedorb 4thArraOfDagon
  3280 | D:7      | murphy: !speedorb 4thArra0fDagon
  3356 | D:8      | murphy: !speedorb murphy
  3374 | D:8      | beem: 4thArraOfDagon's fastest orb retrieval: 245 turns
  3406 | D:8      | beem: murphy's fastest orb retrieval: 164 turns
  3410 | D:8      | beem: Subcommand $(!lm 4thArra0fDagon ((No||milestones||for||4thArra0fDagon||(orb).)) br.enter=zot s=gid o=gid x=max(turns) join:"|" fmt:"${x[0]}") failed: No keyword 'No' in $(split
                  | $(!lm ${1:-.} ${*}... in $(car ${b}) in $(- $(car ${a}) $(car ${b})) in $(if $(= $(length ${a}) 1) $... in $(listsubtract $(split
                  | $(!... in $(length ${xs}) in $(= $(length ${xs}) 0) in $(null? ${xs}) in $(if $(null? ...
  3423 | D:8      | murphy: !speedorb purplered
  3444 | D:8      | beem: purplered's fastest orb retrieval: 92 turns
  3538 | D:8      | murphy: hi les
  3596 | D:8      | Leszczynek: hi
  3613 | D:8      | murphy: well 245 164 92 turns
  3667 | D:8      | murphy: i don't see huge differences here
  3765 | D:8      | 4thArraOfDagon: 92turns yeah
  3765 | D:8      | murphy: actually i understand why DeCj of Vehumet is very fast later
  3765 | D:8      | murphy: i wonder more about early game
  3774 | D:9      | Noticed a hippogriff
  3779 | D:9      | murphy: waiting for mp takes some turns
  3779 | D:9      | Killed a hippogriff
  3787 | D:9      | murphy: or not?
  3815 | D:9      | murphy: a magic based char seems a bad choice then for speedrunning
  3826 | D:9      | Leszczynek: DE trains magic extremely fast, i've seen a screen of a guy casting level 9 by the end of the lair when playing normally
  3826 | D:9      | 4thArraOfDagon: its exttremly bad
  3826 | D:9      | Leszczynek: but speedrunning is a whole different thing
  3852 | D:9      | Leszczynek: i tried a few DECj actually after purplered did that run of his, but the results weren't very impressive
  3868 | D:9      | Noticed a troll
  3869 | D:9      | Leszczynek: MP regen amulet helps a lot
  3869 | D:9      | murphy: i wonder that he even went to do orc? and elf?
  3869 | D:9      | 4thArraOfDagon: I don't want to sound selfish or envy but with that luck of dungeon/stairs regen you could ascend vsme chei or ddfi mak in 16k
  3869 | D:9      | murphy: and he moved a lot back and forth
  3869 | D:9      | murphy: between far away branches
  3871 | D:9      | Leszczynek: well, speedrunning is about luck after all
  3878 | D:9      | Killed a troll
  3878 | D:9      | Reached XP level 9. HP: 34/34 MP: 12/16
  3933 | D:9      | murphy: which luck are u talking about 4tharra?
  4027 | D:10     | Entered Level 10 of the Dungeon
  4030 | D:10     | Noticed a death yak
  4034 | D:10     | murphy: i only see some luck here
  4040 | D:9      | murphy: but not extreme
  4047 | D:9      | Leszczynek: how fast you find branches, how fast you find things you need and so on
  4059 | D:9      | murphy: what exactly was lucky on that run
  4095 | D:9      | murphy: so he found everything on first try?
  4095 | D:9      | Leszczynek: staircases next to each other i imagine
  4095 | D:9      | 4thArraOfDagon: sec
  4095 | D:9      | 4thArraOfDagon: geh
  4095 | D:9      | 4thArraOfDagon: dis
  4095 | D:9      | 4thArraOfDagon: coq
  4095 | D:9      | 4thArraOfDagon: 200-300 turns per hel
  4095 | D:9      | murphy: !speedgeh purplered
  4095 | D:9      | Leszczynek: do you teleport on last hell levels when caring about turncount?
  4095 | D:9      | murphy: yes
  4095 | D:9      | 4thArraOfDagon: ye, definetly
  4148 | D:9      | beem: purplered's fastest Obsid. rune retrieval: 275 turns
  4164 | D:9      | murphy: u allways tele if u can save turns
  4195 | D:9      | murphy: and have tele elft ;)
  4195 | D:9      | Reached skill level 5 in Transmutations
  4227 | D:9      | murphy: !speedgeh purplered
  4235 | D:9      | beem: purplered's fastest Obsid. rune retrieval: 275 turns
  4242 | D:9      | murphy: !speedgeh murphy
  4244 | D:9      | beem: murphy's fastest Obsid. rune retrieval: 690 turns
  4264 | D:9      | murphy: !speedcoc murphy
  4276 | D:9      | beem: murphy's fastest Icy rune retrieval: 218 turns
  4283 | D:9      | Reached * piety under Vehumet
  4283 | D:9      | Offered knowledge of Sting by Vehumet.
  4284 | D:9      | murphy: !speedcoc purplered
  4291 | D:9      | beem: purplered's fastest Icy rune retrieval: 189 turns
  4396 | D:9      | murphy: !speedcoc 4thArraOfDagon
  4409 | D:9      | Leszczynek: let's see then
  4440 | D:10     | Noticed a hill giant
  4441 | D:10     | beem: 4thArraOfDagon's fastest Icy rune retrieval: 220 turns
  4443 | D:9      | Leszczynek: !speedcoc Leszczynek
  4448 | D:10     | beem: Leszczynek's fastest Icy rune retrieval: 965 turns
  4452 | D:10     | Found a staircase to the Lair.
  4456 | D:10     | Leszczynek: wow, below 1000
  4467 | D:11     | Leszczynek: already better than expected
  4471 | D:11     | Leszczynek: !speedgeh Leszczynek
  4475 | D:11     | beem: Leszczynek's fastest Obsid. rune retrieval: 769 turns
  4483 | D:11     | Leszczynek: huh
  4487 | D:11     | Reached skill level 1 in Fighting
  4522 | D:11     | murphy: yes u never spend that much time in hell
  4556 | D:11     | murphy: and i understand why i blastercaster is even faster
  4558 | D:11     | murphy: especially when u care for turns
  4558 | D:11     | Found a staircase to the Orcish Mines.
  4605 | D:11     | Noticed a gargoyle
  4636 | D:11     | murphy: not sure why 4tharra is that impressed here
  4667 | D:11     | Noticed a cyclops
  4684 | D:11     | murphy: i'm more imppressed by the early parts
  4796 | D:10     | murphy: i admit that playing hell zot was very well/lucky on purplereds run
  4836 | D:10     | murphy: but it wasn't extreme
  4880 | D:10     | murphy: i think
  4913 | D:10     | Noticed an efreet
  4913 | D:10     | Noticed a troll
  4913 | D:10     | Noticed an orb spider
  4928 | D:10     | murphy: however there is a new sheriff in town
  4931 | D:10     | murphy: pedritolo
  4933 | D:10     | Killed an efreet
  4976 | D:10     | murphy: he weill change everything i thought i knew about this game
  5031 | D:10     | murphy: he will win a 15 runes game in <15k turns
  5039 | D:10     | Killed a troll
  5062 | D:10     | Noticed a deep troll earth mage
  5062 | D:10     | murphy: with a Xl15 SpEn
  5063 | D:10     | Leszczynek: how
  5068 | D:10     | Noticed a fire crab
  5069 | D:10     | Leszczynek: do you have enough xp for cblink?
  5070 | D:10     | Slain by a fire crab (shapeshifter)
  5071 | D:10     | Reached XP level 8. HP: -4/33 MP: 2/16
  5119 | D:10     | Offered knowledge of Sandblast by Vehumet.
  5119 | D:10     | murphy: yes
  5134 | D:11     | murphy: u see he is an expert on that matter
  5154 | D:11     | murphy: and he has crazy ideas
  5177 | D:11     | Leszczynek: like?
  5197 | D:11     | murphy: he is the guy who won a 3 runes game with and Xl9 char
  5201 | D:11     | Reached ** piety under Vehumet
  5220 | D:11     | murphy: XL 9
  5221 | D:11     | Reached XP level 9. HP: 17/36 MP: 6/17
  5263 | D:11     | Reached skill level 5 in Spellcasting
  5295 | D:11     | Leszczynek: the only real problem i see with this is avoiding orbs tbh
  5372 | D:12     | murphy: hi kuniqs
  5372 | D:12     | kuniqs: K9 cat!
  5386 | D:12     | kuniqs: też polak?
  5388 | D:12     | kuniqs: Polak
  5411 | D:12     | Noticed a red ugly thing
  5433 | D:12     | Found a labyrinth entrance.
  5438 | Lab      | Entered a labyrinth
  5462 | Lab      | Found an exit through the horrors of the Abyss.
  5533 | Lab      | 4thArraOfDagon: ja karol
  5558 | Lab      | kuniqs: FR: felids get a thread for labyrinths
  5603 | Lab      | murphy: 4tharra? have u seen any or pedritolo's games?
  5651 | Lab      | kuniqs: co jest że Polaków tak ciągnie do roguelike'ów
  5822 | Lab      | Leszczynek: bieda
  5832 | Lab      | Leszczynek: są darmowe
  5869 | Lab      | Leszczynek: i kiedyś kiedyś dali paczkę roguelików na płycie cd-action
  5869 | Lab      | Leszczynek: dawno temu
  5921 | Lab      | Noticed a minotaur
  5961 | Lab      | murphy: btw how do i get these cool pic for my char?
  5973 | Lab      | Identified the Almanac of Doomed Conjuration
  6025 | Lab      | murphy: let's say i play De how can i make it look like a cool elfmage
  6042 | Lab      | Leszczynek: tile_player_tile = mons:Peacekeeper
  6042 | Lab      | Leszczynek: there
  6045 | Lab      | Learned a level 2 spell: Sublimation of Blood
  6045 | Lab      | Leszczynek: change the monster name for a different tile
  6051 | D:12     | Reached skill level 5 in Dodging
  6052 | D:12     | murphy: thx
  6064 | D:12     | Noticed a five-headed hydra
  6082 | D:12     | kuniqs: w cdaction z września 2001 był artykuł o rogalach, w tym opis ADOM, Moria, Nethack i Crawl. Autor nie lubił Nethacka za bardzo
  6083 | D:12     | Noticed an unseen horror
  6085 | D:12     | Noticed a hill giant
  6087 | D:12     | Killed an unseen horror
  6087 | D:12     | Reached skill level 1 in Necromancy
  6087 | D:12     | Reached XP level 10. HP: 42/42 MP: 7/18
  6105 | D:12     | Killed a hill giant
  6105 | D:12     | Reached skill level 5 in Unarmed Combat
  6275 | D:10     | Got a bound marble ring
  6284 | D:10     | Identified the ring "Jueptys" {rF+ Str+5 Dex+7 Slay-4 SInv} (You took it off an orc priest on level 10 of the Dungeon)
  6316 | D:10     | Leszczynek: i wish felids could use staves and hats
  6357 | D:10     | Leszczynek: if they can use wands, they should be able to use staves too
  6378 | D:10     | Noticed a swamp dragon
  6378 | D:10     | a komodo dragon changed into a swamp dragon
  6387 | D:10     | murphy: would be cool if they could change into human forms
  6390 | D:10     | murphy: so the are werecats
  6441 | D:9      | kuniqs: I wish Felids weren't added to the game just because of the cat motif
  6500 | D:9      | Leszczynek: do you hate fun
  6512 | D:10     | Leszczynek: not like felids are fun to play
  6513 | D:10     | Leszczynek: but still
  6516 | D:10     | Noticed a death yak
  6522 | D:9      | murphy: actually felids are fun
  6555 | D:9      | Leszczynek: i respect your opinion but do not agree with it
  6557 | D:9      | murphy: ask enish
  6560 | D:10     | murphy: he will agree with me
  6578 | D:9      | Leszczynek: you like playing strategies
  6598 | D:9      | murphy: they are the best race maybe for some special challenges
  6600 | D:9      | Leszczynek: so i can imagine
  6664 | D:10     | murphy: ouch
  6667 | D:10     | Leszczynek: FeCj was the only felid i had any fun with
  6672 | D:10     | Noticed an obsidian statue
  6693 | D:10     | kuniqs: how fun is finding cool items you can't use?
  6693 | D:10     | Killed a deep troll earth mage
  6693 | D:10     | Reached skill level 5 in Necromancy
  6711 | D:10     | Leszczynek: kiting everything with orb of destruction wasn't half bad
  6722 | D:10     | Leszczynek: it was back when haste was still a player spell too
  6723 | D:10     | Killed a hill giant
  6793 | D:10     | Offered knowledge of Inner Flame by Vehumet.
  6847 | D:10     | Leszczynek: 4tharra, what is the general plan for a character like this?
  6883 | D:10     | Leszczynek: blaster caster? and what would be the goals to aim for in the meantime?
  6919 | D:10     | Leszczynek: assuming you want to speedrun of course
  6934 | D:10     | Slain by a yak
  6935 | D:10     | Reached XP level 9. HP: -4/37 MP: 5/18
  6937 | D:10     | Noticed a death yak
  6954 | D:10     | murphy: !hs FeCj
  6955 | D:10     | beem: No games for FeCj (sc<1000000000).
  6955 | D:10     | murphy: !hs FeIE
  6955 | D:10     | beem: No games for FeIE (sc<1000000000).
  6955 | D:10     | Leszczynek: !hs * FeCj
  6956 | D:10     | beem: 4621. Orinrin the Archmage (L27 FeCj of Ashenzari), escaped with the Orb and 15 runes on 2015-09-29 14:21:20, with 15776830 points after 99961 turns and 12:27:21.
  6994 | D:9      | murphy: try IE
  7005 | D:9      | Leszczynek: !hs * FeIE
  7007 | D:9      | beem: 2052. Yermak the Ninja (L27 FeIE of Dithmenos), escaped with the Orb and 15 runes on 2015-07-07 11:16:00, with 23372852 points after 64268 turns and 10:27:56.
  7015 | D:9      | Leszczynek: just include the asterisk
  7020 | D:9      | Noticed a hill giant
  7029 | D:9      | murphy: ok
  7032 | D:9      | Killed a death yak
  7032 | D:9      | Reached XP level 10. HP: 42/42 MP: 2/19
  7100 | D:9      | Killed a death yak
  7104 | D:9      | Leszczynek: good luck
  7157 | D:9      | Killed a hill giant
  7188 | D:9      | murphy: yep good luck
  7542 | D:13     | Reached *** piety under Vehumet
  7575 | D:13     | kuniqs: beef jerky is minotaurs!
  7644 | D:13     | Noticed a hill giant
  7651 | D:13     | Killed a hill giant
  7654 | D:13     | Found Lumoper's Armour Emporium.
  7672 | D:13     | Noticed a deep elf mage
  7675 | D:13     | Killed a deep elf mage
  7792 | D:14     | Found a gate to the Vaults.
  7792 | D:14     | Noticed a vault guard
  7792 | D:14     | Noticed a vault guard
  7792 | D:14     | Noticed a vault guard
  7863 | D:14     | Noticed a gargoyle
  7871 | D:14     | Killed a gargoyle
  7894 | D:14     | Noticed a hill giant
  7899 | D:14     | Killed a hill giant
  7899 | D:14     | Reached XP level 11. HP: 36/45 MP: 9/21
  8031 | D:15     | Entered Level 15 of the Dungeon
  8138 | D:15     | Learned a level 5 spell: Venom Bolt
  8139 | D:15     | Noticed a cyan ugly thing
  8139 | D:15     | Noticed a cyan ugly thing
  8154 | D:15     | Noticed an unseen horror
  8158 | D:15     | Killed an unseen horror
  8168 | D:15     | Noticed Azrael
  8178 | D:15     | Found a blossoming altar of Fedhas.
  8453 | D:14     | Offered knowledge of Conjure Flame by Vehumet.
  8477 | D:14     | Noticed a tengu warrior
  8583 | D:14     | Killed from afar by a tengu conjurer
  8584 | D:14     | Reached XP level 10. HP: -9/42 MP: 13/20
  8649 | D:14     | Noticed a white ugly thing
  8649 | D:14     | Noticed a white ugly thing
  8762 | D:15     | Noticed an orc knight
  8792 | D:14     | Noticed a vault guard
  8796 | D:14     | Noticed a vault guard
  8797 | D:14     | Noticed a vault guard
  8890 | D:12     | Killed a red ugly thing
  8894 | D:12     | Gained mutation: You have a pair of small horns on your head. [mutagenic meat]
  8922 | D:12     | Gained mutation: You are weak. (Str -2) [mutagenic meat]
  8923 | D:12     | Gained mutation: You possess an exceptional clarity of mind. [mutagenic meat]
  8924 | D:12     | Gained mutation: You can translocate small distances at will. [mutagenic meat]
  8975 | D:12     | Reached skill level 10 in Ice Magic
  9126 | D:12     | Killed a five-headed hydra
  9253 | D:12     | Identified a scroll of acquirement
  9255 | D:12     | Got a steaming lead ring
  9257 | D:12     | Identified the ring "Xaidenn" {Wiz Dex+4} (You acquired it on level 12 of the Dungeon)
  9265 | D:13     | Noticed a hill giant
  9275 | D:13     | Killed a hill giant
  9300 | D:14     | Noticed a white ugly thing
  9300 | D:14     | Noticed a white ugly thing
  9300 | D:14     | Noticed a white ugly thing
  9456 | D:10     | Noticed a shock serpent
  9684 | Orc:1    | Entered Level 1 of the Orcish Mines
  9784 | Orc:1    | Noticed an orc sorcerer
  9791 | Orc:1    | Killed an orc sorcerer
  9875 | Orc:2    | Entered Level 2 of the Orcish Mines
  9893 | Orc:2    | Noticed an orc knight
  9913 | Orc:2    | Killed an orc knight
  9913 | Orc:2    | Reached XP level 11. HP: 45/45 MP: 16/22
  9914 | Orc:2    | Noticed an orc sorcerer
  9924 | Orc:2    | Killed an orc sorcerer
  9925 | Orc:2    | Noticed an orc knight
 10155 | Orc:2    | Reached skill level 10 in Conjurations
 10159 | Orc:2    | Reached **** piety under Vehumet
 10234 | Orc:1    | Killed an orc knight
 10251 | Orc:2    | Offered knowledge of Bolt of Magma by Vehumet.
 10332 | Orc:2    | Noticed an ettin
 10338 | Orc:2    | Reached skill level 5 in Stealth
 10356 | Orc:2    | Killed an ettin
 10424 | Orc:2    | Noticed a centaur warrior
 10460 | Orc:2    | Noticed a centaur warrior
 10488 | Orc:2    | Killed a centaur warrior
 10684 | Orc:2    | Noticed an orc knight
 10696 | Orc:2    | Killed an orc knight
 10789 | Orc:2    | Noticed Saint Roka
 10964 | Orc:2    | Found a staircase to the Elven Halls.
 10972 | Orc:2    | Noticed an orc knight
 11029 | Orc:2    | Found Boalleul's Jewellery Boutique.
 11029 | Orc:2    | Found Paodeos's Book Shoppe.
 11031 | Orc:2    | Found Lusasuf's Antique Weapon Emporium.
 11033 | Orc:2    | Found Cohoiq's Distillery.
 11393 | Orc:1    | Reached ***** piety under Vehumet
 11398 | Orc:1    | Noticed Urug
 11579 | D:7      | Found a deep blue altar of Sif Muna.
 11629 | D:6      | Bought the ring "Soent" {MP+9 Str+6 Int+4} for 624 gold pieces
 11780 | D:10     | Gained mutation: Your system is resistant to poisons. (rPois) [mutagenic meat]
 11814 | D:10     | Offered knowledge of Iskenderun's Mystic Blast by Vehumet.
 11831 | D:10     | Killed a death yak
 11831 | D:10     | Gained mutation: Your thick and shaggy fur keeps you warm. (AC +3, rC+) [Felid growth]
 11831 | D:10     | Reached XP level 12. HP: 25/48 MP: 10/24
 11895 | Lair:1   | Entered Level 1 of the Lair of Beasts
 12483 | Lair:3   | You fall through a shaft for 2 floors!
 12483 | Lair:5   | Noticed a death yak
 12483 | Lair:5   | Noticed a death yak
 12483 | Lair:5   | Noticed a death yak
 12484 | Lair:5   | :(
 13099 | Lair:2   | Found a staircase to the Shoals.
 13488 | Lair:5   | Noticed a six-headed hydra
 13526 | Lair:5   | Killed a six-headed hydra
 13617 | Lair:5   | Noticed a death yak
 13639 | Lair:5   | Killed a death yak
 13639 | Lair:5   | Reached XP level 13. HP: 35/51 MP: 15/26
 13755 | Lair:5   | HP: 2/51 [spiny frog (16)]
 13875 | Lair:6   | Entered Level 6 of the Lair of Beasts
 13988 | Lair:6   | Found a viscous altar of Jiyva.
 13989 | Lair:6   | Found a staircase to the Slime Pits.
 14276 | Lair:6   | Offered knowledge of Lightning Bolt by Vehumet.
 14831 | Lair:6   | Got a smoking pewter amulet
 14833 | Lair:6   | Identified the amulet "Xyzujeuf" {Harm *Drain rN+ Int+2 Dex+2} (You found it on level 6 of the Lair of Beasts)
 15104 | Lair:4   | Found a hole to the Spider Nest.
 15902 | Orc:2    | Bought a book of the Earth for 975 gold pieces
 15909 | Orc:2    | Learned a level 6 spell: Statue Form
 15914 | Orc:2    | Reached XP level 14. HP: 55/55 MP: 28/28
 16036 | Orc:2    | Reached skill level 1 in Earth Magic
 16089 | Elf:1    | Entered Level 1 of the Elven Halls
 16327 | Elf:1    | Killed from afar by a deep elf knight
 16328 | Elf:1    | Reached XP level 13. HP: -14/51 MP: 17/36
 16408 | Elf:1    | Shot with an arrow by a deep elf archer

Vault maps used:
D:1:      scummos_arrival_simple_crosswalls, serial_glass, glass_columns_a,
          glass_columns_a, st_stairs_11
D:2:      nicolae_overflow_hidden_temple, st_stairs_7, minmay_misc_feat_x
D:3:      grunt_dithmenos_smoke, chequers_ecumenical_altar_simple,
          serial_co_window_serial, co_window_paths_b, co_window_cross_1,
          co_window_corner_a, co_window_cross_1, co_window_paths_a,
          co_window_paths_a, co_window_paths_a, co_window_of_opportunity_b,
          co_window_cross_3, co_window_broadway_b, co_window_of_opportunity_b,
          co_window_corner_b, co_window_of_opportunity_c,
          co_window_of_opportunity_b, co_window_paths_d, uniq_iyjb
D:4:      fedhas_altar_4, nicolae_qazlal_style_of_elements,
          grunt_temple_overflow_open, first_bread, uniq_grinder, uniq_menkaure
D:5:      cheibrodos_ashenzari_chains, serial_park_tiny_1
D:6:      serial_shops, nicolae_shop_crystal
D:7:      good_gods_temple_1, led_sif_book
D:10:     minmay_shrinking_squares, dpeg_lair_monsters,
          hangedman_little_slice_of_home, minmay_statue_bubble
D:11:     orc_0_dummy
D:12:     lab_entry_generic
D:13:     kennysheep_kobold_grotto, serial_shops, shop, evilmike_butchery,
          uniq_frances
D:14:     erik_vaults_2, hangedman_decor_slide_cut
D:15:     hangedman_depths_entry_try_elsewhere_first, basic_altar, serial_shops,
          shop_fountains, shop, shop, nicolae_shop_overgrown_old_shop,
          nicolae_ru_path_of_blood, uniq_louise, uniq_azrael
Temple:   compressed_dpeg_triangle_lava_temple
Lair:2:   elwin_shoals_entry_rocks, lemuel_fruit_fields
Lair:4:   spider_nest_entry_web_field, st_stairs_9, lemuel_fruit_tree,
          grunt_megastairs_2
Lair:5:   infiniplex_staircase_pool_2, grunt_megastairs_3
Lair:6:   evilmike_catoblepas_cave, slime_altar_1
Orc:1:    bloody_trog, uniq_urug
Orc:2:    st_orc_rangers, uniq_saint_roka
Elf:1:    eino_elf_arrival_shootout, minivault_28
Lab:      labyrinth_hidden_loot, labyrinth_fake_exit, lab_hedge, lab_statue,
          lab_fountain, nicolae_lab_flowing_pool

Skill      XL: |  1  2  3  4  5  6  7  8  9 10 11 12 13 14 |
---------------+-------------------------------------------+-----
Unarmed Combat | 1 4 5 7 |  7.0
Conjurations   | 1 2 3 4 5 6 8 9 10 11 13 | 13.0
Ice Magic      | 3 4 5 6 8 10 11 12 13 | 13.3
Spellcasting   | 3 4 5 6 7 8 9 |  9.3
Transmutations | 1 4 5 6 |  6.5
Fighting       | 3 |  3.0
Dodging        | 4 5 |  5.2
Necromancy     | 1 5 |  5.7
Stealth        | 4 6 |  6.0
Earth Magic    | 3 |  3.2

Action                   |  1- 3 |  4- 6 |  7- 9 | 10-12 | 13-15 || total
-------------------------+-------+-------+-------+-------+-------++-------
Melee: Unarmed           |    34 |    39 |   127 |   151 |    12 ||   363
       Bite              |     1 |     3 |    17 |     2 |     1 ||    24
       Punch             |       |     2 |       |     1 |       ||     3
       Headbutt          |       |       |       |     5 |     1 ||     6
 Cast: Freeze            |    28 |    46 |    98 |   105 |    10 ||   287
       Throw Frost       |     1 |     8 |     7 |    32 |     7 ||    55
       Throw Icicle      |       |       |    64 |   342 |   188 ||   594
       Ice Form          |       |       |     3 |    19 |     1 ||    23
       Sublimation of Bl |       |       |       |   163 |    49 ||   212
       Venom Bolt        |       |       |       |     9 |       ||     9
       Animate Skeleton  |       |       |       |     3 |       ||     3
 Abil: End Transformatio |       |       |     1 |    15 |     1 ||    17
       Blink             |       |       |       |     1 |       ||     1
Evoke: Wand              |     3 |     2 |    20 |    16 |     6 ||    47
       Lamp of fire      |       |       |       |     2 |       ||     2
       Phial of floods   |       |       |       |       |     1 ||     1
  Use: Scroll            |     4 |     3 |     5 |    18 |     8 ||    38
       Potion            |       |       |     2 |     9 |       ||    11
 Stab: Sleeping          |     3 |     7 |     9 |     1 |     1 ||    21
       Paralysed         |     4 |     1 |    10 |       |       ||    15
  Eat: Chunk             |     6 |     5 |    15 |    68 |     8 ||   102
Armor: Skin              |     3 |     6 |    17 |    58 |     1 ||    85
Dodge: Dodged            |    46 |    59 |   127 |   286 |    23 ||   541
